 Dungeon Sprint DCSS version 0.31-a0-795-g5eb97db20b (webtiles) character file.

Game seed: 6732168356181617087

343 sircluck the Grappler (level 6, -1/71 HPs)
             Began as a Troll Berserker on Sept 18, 2023.
             Was a Believer of Trog.
             Slain by Erica
             ... wielding a +3 scimitar of flaming
              (3 damage)
             ... in the Dungeon (Sprint VII: "The Pits").
             The game lasted 00:00:31 (70 turns).

sircluck the Grappler (Troll Berserker)               Turns: 70, Time: 00:00:31

Health: -1/71      AC:  4    Str: 28    XL:     6   Next: 31%
Magic:  5/5        EV: 11    Int:  3    God:    Trog [**....]
Gold:   0          SH:  0    Dex:  9    Spells: 5/5 levels left

rFire   . .          .
                       - Unarmed
rCold   . . .        (no shield)
rNeg    . . .        a - +0 animal skin
rPois   .            (helmet restricted)
rElec   .            (no cloak)
rCorr   .            (gloves unavailable)
SInv    .            (boots unavailable)
Will    .....        (no amulet)
Stlth   +            (no ring)
HPRegen 1.11/turn    (no ring)
MPRegen 0.09/turn

%: no teleportation
@: on berserk cooldown, hasted, very quick
A: large, unfitting armour, claws 3, regeneration 1, shaggy fur 1, tough skin 1
a: Renounce Religion, Berserk, Trog's Hand


You were in the Dungeon.
You worshipped Trog.
Trog was pleased with you.
You visited 1 branch

Inventory:

Armour
 a - a +0 animal skin (worn)
Potions
 b - a potion of curing
 c - a potion of heal wounds
 e - 2 potions of magic
 f - a potion of berserk rage


   Skills:
 + Level 7.0 Fighting
 + Level 6.9 Dodging
 + Level 8.3 Unarmed Combat


You had 5 spell levels left.
You didn't know any spells.
Your spell library was empty.

Dungeon Overview and Level Annotations

Branches:
Dungeon (1/1)

Altars:

Annotations:
D Erica


Innate Abilities, Weirdness & Mutations

You are too large for most types of armour.
You have claws for hands.
Your natural rate of healing is unusually fast.
You are covered in fur. (AC +1)
You have tough skin. (AC +1)


Message History

Okay, then.
You feel yourself speed up.
There is a huge open gate to the Metal Vault (Medium) here.
You claw the yak!
The yak is moderately wounded.
Something hits you. Something burns you.
You claw the yak! Your claw misses the yak.
The yak is almost dead.
You scratch the yak but do no damage. You claw the yak.
The yak is almost dead.
The yak completely misses you. Something hits you! Something burns you.
The yak gores you!
* * * LOW HITPOINT WARNING * * *
You claw the yak!
You kill the yak!
Trog accepts your kill.
You can now call upon Trog for regeneration and willpower.
Your Fighting skill increases to level 7!
Your Unarmed Combat skill increases to level 8!
You have reached level 6!
You feel stronger.
Unknown command.
Unknown command.
You mangle the yak!!
The yak is almost dead.
The yak closely misses you. Something hits you!
* * * LOW HITPOINT WARNING * * *
Something burns you.
* * * LOW HITPOINT WARNING * * *
You completely miss the yak.
The yak is almost dead.
You scratch the yak.
The yak is almost dead.
Erica appears from thin air!
Reactivating autopickup.
The yak barely misses you. The yak gores you.
* * * LOW HITPOINT WARNING * * *
Erica hits you with a +3 scimitar of flaming.
You die...
Erica begins laughing uncontrollably.

##########++######
#................#
#......#..#......#
#................+
+................+
#......#..#......#
#................#
####'#####@Y######
#.......##Y@#
#.......##..##
#.......##...##
#...<...###...#
#.......#
##††......
#.......#
l.###+###
#.......# ..##
##########..


You could see Erica and 2 yaks.

Vanquished Creatures
  2 yaks (D)
  A scorpion (D)
3 creatures vanquished.

Notes
Turn   | Place    | Note
-------+----------+-------------------------------------------
     0 | D        | sircluck the Troll Berserker began the quest for the Orb.
     0 | D        | Reached XP level 1. HP: 22/22 MP: 0/0
    20 | D        | Noticed a scorpion
    20 | D        | Noticed a yak
    20 | D        | Noticed a yak
    20 | D        | Noticed a yak
    20 | D        | Noticed Erica
    21 | D        | Noticed a yak
    26 | D        | Killed a yak
    27 | D        | Reached skill level 5 in Fighting
    27 | D        | Reached skill level 5 in Dodging
    27 | D        | Reached skill level 6 in Unarmed Combat
    27 | D        | Reached XP level 2. HP: 35/35 MP: 1/1
    27 | D        | Reached XP level 3. HP: 42/42 MP: 2/2
    27 | D        | Reached XP level 4. HP: 50/50 MP: 3/3
    27 | D        | Reached XP level 5. HP: 57/57 MP: 4/4
    28 | D        | Reached skill level 7 in Unarmed Combat
    67 | D        | Killed a yak
    67 | D        | Reached ** piety under Trog
    68 | D        | Reached skill level 8 in Unarmed Combat
    68 | D        | Reached XP level 6. HP: 12/71 MP: 5/5
    68 | D        | HP: 2/71 [something (3)]
    70 | D        | Slain by Erica

Illustrated notes

Levels and vault maps discovered:
D:        pitsprint [storerooms_1, entrance_room_1, metal_vault_5, armoury_1,
          mini_pit_1, grid_room_1, main_hall_1, silver_pit, the_coven_1,
          the_vestibule_1, steel_vault_5, golden_pit, hallway_of_sentries,
          crystal_vault_6, iron_vault_2, final_vault]

Skill      XL: |  1  2  3  4  5 |
---------------+----------------+-----
Fighting       | 5 7 |  7.0
Dodging        | 5 6 |  6.9
Unarmed Combat | 6 8 |  8.3

Action                     |  1- 3 |  4- 6 || total
---------------------------+-------+-------++-------
  Melee: Unarmed           |     4 |    15 ||    19
         Punch             |       |     1 ||     1
 Invoke: Berserk           |     1 |       ||     1
    Use: Scroll            |       |     1 ||     1
         Potion            |       |     1 ||     1
 Armour: Animal skin       |     1 |    10 ||    11
  Dodge: Dodged            |     3 |     6 ||     9

Table legend: (Time is in decaauts)
 A = Elapsed time spent in this place.
 B = Non-inter-level travel time spent in this place.
 C = Inter-level travel time spent in this place.
 D = Time resting spent in this place.
 E = Time spent auto-exploring this place.
 F = Levels seen in this place.
 G = Mean time per level.
                   A        B        C        D        E       F      G
               +--------+--------+--------+--------+--------+-----+--------+
         Total |     73 |     73 |      0 |     36 |     11 |   1 |   73.0 |
       Dungeon |     73 |     73 |      0 |     36 |     11 |   1 |   73.0 |
               +--------+--------+--------+--------+--------+-----+--------+

Top non-repeatable levels by time:
       D: 73 daAuts
